 Dungeon Crawl Stone Soup version 0.13-b1-45-g38f3f9b (webtiles) character file.

475 Lilouch the Slasher (level 6, -2/43 HPs)
             Began as an Octopode Fighter on Oct 9, 2013.
             Hit by a dart thrown by a gnoll (3 damage)
             ... on Level 4 of the Dungeon.
             The game lasted 00:15:34 (2825 turns).

Lilouch the Slasher (Octopode Fighter)              Turns: 2825, Time: 00:15:34

HP  -2/43        AC  1     Str 15      XL: 6   Next: 67%
MP   5/5         EV 12     Int 11      God:
Gold 111         SH 19     Dex 13      Spells:  0 memorised,  5 levels left

Res.Fire  : . . .   See Invis. : .   a - +0 falchion
Res.Cold  : . . .   Warding    : .   c - +0 shield
Life Prot.: . . .   Conserve   : .   (helmet restricted)
Res.Poison: .       Res.Corr.  : .   (no amulet)
Res.Elec. : .       Clarity    : .   (no ring)
Sust.Abil.: . .     Spirit.Shd : .   (no ring)
Res.Mut.  : .       Stasis     : .   (no ring)
Res.Rott. : .       Flight     : .   (no ring)
Saprovore : . . .                    (no ring)
                                     (no ring)
                                     (no ring)
                                     (no ring)

@: slightly resistant to hostile enchantments, fairly stealthy
A: almost no armour, amphibious, 8 rings, constrict 8, camouflage 1, AC +1
a: no special abilities


You were on level 4 of the Dungeon.
You were very hungry.

You visited 1 branch of the dungeon, and saw 4 of its levels.

You collected 91 gold pieces.

Inventory:

Hand weapons
 a - a +0,+0 falchion (weapon)
 o - a +2 blowgun
 w - a +0,+1 sling of evasion
 D - a +2,+2 spear of dragon slaying
Missiles
 g - 81 stones (quivered)
 i - 38 darts
 p - 15 sling bullets
 v - 15 poisoned sling bullets
Armour
 c - a +0 shield (worn)
Comestibles
 d - 2 bread rations
 f - an orange
 q - a cheese
Scrolls
 e - 3 scrolls of enchant weapon I {unknown}
 h - 5 scrolls of enchant armour {unknown}
 k - a scroll of enchant weapon II {unknown}
 l - 4 scrolls of identify {unknown}
 r - 4 scrolls of teleportation {unknown}
 t - a scroll of remove curse {unknown}
 y - a scroll of curse jewellery {unknown}
Potions
 b - a potion of agility {unknown}
 j - a potion of degeneration {unknown}
 m - 6 potions of curing {unknown}
 n - a potion of heal wounds {unknown}
 s - 2 potions of slowing {unknown}
 u - a potion of might {unknown}


   Skills:
 - Level 3.1 Fighting
 * Level 5.0 Long Blades
 + Level 4.4 Dodging
 + Level 4.4 Shields


You had 5 spell levels left.
You didn't know any spells.

Dungeon Overview and Level Annotations

Branches:
Dungeon (4/27)
 Temple: D:4-7

Altars:


Innate Abilities, Weirdness & Mutations

You cannot wear most types of armour.
You are amphibious.
You can wear up to eight rings at the same time.
You can use your tentacles to constrict many enemies at once.
Your skin changes colour to match your surroundings (Stlth).
Your rubbery body absorbs attacks (AC +1).


Message History

The orc is moderately wounded.
You constrict the orc. The orc hits you with an orcish mace.
* * * LOW HITPOINT WARNING * * *
You hit the orc but do no damage. You squeeze the orc.
You kill the orc!
The orc wizard points at you and mumbles some strange words.
The magic dart hits you!
* * * LOW HITPOINT WARNING * * *
You hit the orc wizard but do no damage.
You grab the orc wizard.
The orc wizard is lightly wounded.
You constrict the orc wizard.
The orc wizard hits you with an orcish dagger.
* * * LOW HITPOINT WARNING * * *
You slash the orc wizard!
You kill the orc wizard!
Your Long Blades skill increases to level 5!
The gnoll throws a dart.
You block the dart.
The gnoll throws a dart.
The dart hits you!
You die...

#........# #.....
#........# #.....
#........# ###.....
#........###.......
#............#.....
#........#####.....
##.####### #.....
#.## ##.### #@.#
#.# ##.# .. #)# #.
#g#


oog ... ..... ..... #...... You could see 2 gnolls and an orc.

Vanquished Creatures
  An ogre (D:3)
  Sigmund (D:3)
  A hound (D:4)
  An orc wizard (D:4)
  A worker ant (D:4)
  7 adders
  A giant gecko (D:1)
  2 orcs
  2 ball pythons
  5 bats
  7 goblins
  6 hobgoblins
  14 jackals
  7 kobolds
  A quokka (D:2)
  3 giant cockroaches
  4 giant newts
  9 rats
73 creatures vanquished.

Notes
Turn   | Place    | Note
--------------------------------------------------------------
     0 | D:1      | Lilouch, the Octopode Fighter, began the quest for the Orb.
     0 | D:1      | Reached XP level 1. HP: 16/16 MP: 0/0
   357 | D:1      | Reached XP level 2. HP: 21/21 MP: 1/1
  1060 | D:2      | Reached XP level 3. HP: 20/27 MP: 2/2
  1249 | D:2      | Reached XP level 4. HP: 10/32 MP: 3/3
  1799 | D:3      | Noticed Sigmund
  2037 | D:3      | Reached XP level 5. HP: 15/36 MP: 4/4
  2208 | D:3      | Killed Sigmund
  2208 | D:3      | Reached skill level 4 in Long Blades
  2232 | D:3      | Noticed an ogre
  2408 | D:3      | Killed an ogre
  2408 | D:3      | Reached XP level 6. HP: 28/43 MP: 5/5
  2823 | D:4      | HP: 1/43 [orc wizard/orcish dagger (3)]
  2824 | D:4      | Reached skill level 5 in Long Blades
  2825 | D:4      | Hit by a dart thrown by a gnoll

Action                   |  1- 3 |  4- 6 || total
-------------------------+-------+-------++-------
Melee: Falchion          |    59 |   106 ||   165
 Stab: Sleeping          |     3 |     4 ||     7
